 Dungeon Crawl Stone Soup version 0.15-a0-861-g2f358d9 (console) character file.

46 Heavyweight the Cudgeler (level 3, -8/58 HPs)
             Began as an Ogre Berserker on May 16, 2014.
             Was a Believer of Trog.
             Mangled by an iron imp (10 damage)
             ... summoned by Eustachio
             ... on Level 4 of the Dungeon.
             The game lasted 00:02:25 (510 turns).

Heavyweight the Cudgeler (Ogre Berserker)            Turns: 510, Time: 00:02:26

HP  -8/58        AC  3     Str 27      XL: 3   Next: 68%
MP   3/3         EV 10     Int  6      God: Trog [**....]
Gold 32          SH  0     Dex 10      Spells:  0 memorised,  2 levels left

rFire  . . .     SeeInvis .     a - +0 mace
rCold  . . .     Clarity  .     b - +0 animal skin
rNeg   . . .     Conserve .     (shield restricted)
rPois  .         rCorr    .     (helmet restricted)
rElec  .         rRot     .     (no cloak)
SustAb .         Spirit   .     (gloves unavailable)
rMut   .         Warding  .     (boots unavailable)
Gourm  .         Stasis   .     (no amulet)
MR     .....                    (no ring)
                                h - ring of teleport control

@: berserking, very quick, not resistant to hostile enchantments, extremely
unstealthy
A: unfitting armour, tough skin 1
a: Burn Spellbooks, Berserk, Trog's Hand, Renounce Religion, Evoke Teleport
Control


You were on level 4 of the Dungeon.
You worshipped Trog.
Trog was pleased with you.
You were not hungry.

You visited 1 branch of the dungeon, and saw 4 of its levels.

You collected 32 gold pieces.

Inventory:

Hand weapons
 a - a +0,+0 mace (weapon)
Armour
 b - a +0 animal skin (worn)
 m - a +0 robe
Comestibles
 c - 2 meat rations
 i - a bread ration
Scrolls
 g - a scroll of teleportation {unknown}
 j - a scroll of identify {unknown}
 k - a scroll of fear {unknown}
 l - a scroll of remove curse {unknown}
 o - a scroll of enchant weapon II {unknown}
Jewellery
 h - a ring of teleport control (left hand)
Potions
 d - 2 potions of poison {unknown}
 e - a potion of resistance {unknown}
 f - a potion of curing {unknown}
 n - a potion of brilliance {unknown}


   Skills:
 - Level 4.0 Fighting
 + Level 5.7 Maces & Flails
 - Level 2.9 Dodging
 * Level 1.0 Evocations


You had 2 spell levels left.
You didn't know any spells.

Dungeon Overview and Level Annotations

Branches:
Dungeon (4/15)
 Temple: D:4-7

Altars:
Ashenzari
Yredelemnul

Annotations:
D:4 Eustachio


Innate Abilities, Weirdness & Mutations

You are too large for most types of armour.
You have tough skin (AC +1).


Message History

* * * LOW HITPOINT WARNING * * *
Eustachio hits you with a cutlass.
* * * LOW HITPOINT WARNING * * *
You thump Eustachio!
Eustachio is heavily wounded.
You sock Eustachio!
Eustachio is severely wounded.
The iron imp hits you but does no damage.
Eustachio hits you with a cutlass.
* * * LOW HITPOINT WARNING * * *
You closely miss Eustachio.
Eustachio is severely wounded.
You sock Eustachio!
Eustachio is almost dead.
Eustachio growls, "To hell with you, honourless miscreant!"
Eustachio gestures wildly while chanting.
Eustachio blinks!
The crimson imp lashes its tail.
The iron imp hits you!
You die...

##.## ..?# #..#
..# #.# #.# #.# #
#########5# .# ##
#.......#@# ..#.##
#.......#@#
.#.#.###.#####.#5#
#.#.#.##.##......#
.###.###.##.##.###
..#.........##.#
.#.#####.......#
#### #########


You could see Eustachio, an iron imp and a crimson imp.

Vanquished Creatures
  A gnoll (D:1)
  2 adders (D:3)
  An ufetubus (D:4)
  2 giant geckos
  2 bats
  3 goblins
  A hobgoblin (D:2)
  3 jackals (D:2)
  A giant cockroach (D:3)
  A kobold (D:3)
  2 rats
19 creatures vanquished.

Notes
Turn   | Place    | Note
--------------------------------------------------------------
     0 | D:1      | Heavyweight, the Ogre Berserker, began the quest for the Orb.
     0 | D:1      | Reached XP level 1. HP: 24/24 MP: 1/1
    97 | D:3      | Reached XP level 2. HP: 32/32 MP: 2/2
   180 | D:1      | Reached skill level 5 in Maces & Flails
   218 | D:2      | Reached XP level 3. HP: 34/39 MP: 3/3
   284 | D:2      | Found a shattered altar of Ashenzari.
   311 | D:2      | Found a basalt altar of Yredelemnul.
   382 | D:3      | Acquired Trog's second power
   463 | D:4      | Reached skill level 1 in Evocations
   486 | D:4      | Noticed Eustachio
   508 | D:4      | HP: 2/58 [Eustachio/cutlass (1)]
   510 | D:4      | Mangled by an iron imp

Action                   || total
-------------------------++-------
Melee: Mace              ||    82
Invok: Berserk           ||     2
